 Dungeon Crawl Stone Soup version 0.20-a0-1040-gfd09691 (webtiles) character file.

22015 Murumi the Unseen (level 12, -2/91 HPs)
             Began as a Vampire Enchanter on Apr 23, 2017.
             Was a High Priest of Dithmenos.
             Slain by a minotaur
             ... wielding a +2 dagger of holy wrath
              (12 damage)
             ... in a labyrinth.
             The game lasted 01:07:04 (14733 turns).

Murumi the Unseen (Vampire Enchanter)              Turns: 14733, Time: 01:07:05

Health: -2/91      AC:  5    Str: 12    XL:     12   Next: 59%
Magic:  16/28      EV: 21    Int: 25    God:    Dithmenos [*****.]
Gold:   593        SH:  0    Dex: 20    Spells: 10/21 levels left

rFire    . . .     SeeInvis +   v - +2 dagger (speed)
rCold    + . .     Gourm    .   (no shield)
rNeg     + + +     Faith    .   b - +1 robe
rPois    +         Spirit   .   B - +0 helmet (curse)
rElec    +         Reflect  .   (no cloak)
rCorr    .         Harm     .   k - +0 pair of gloves (curse)
MR       +....                  (no boots)
Stlth    ++++++++++             j - amulet of regeneration
Regen    0.4/turn               i - ring of Ruseraet {rElec rN+ MP+9 Str+5 Int+3}
MPRegen  0.3/turn               C - +5 ring of intelligence

@: regenerating slowly, wreathed by umbra
A: fangs 3, see invisible, unbreathing
a: Bat Form, Shadow Step, Shadow Form, Renounce Religion


You were in a labyrinth.
You worshipped Dithmenos.
Dithmenos was extremely pleased with you.
You were very thirsty.

You visited 3 branches of the dungeon, and saw 13 of its levels.
You also visited: Labyrinth.

You collected 645 gold pieces.
You spent 52 gold pieces at shops.

Inventory:

Hand Weapons
 a - a +2 dagger
 v - a +2 dagger of speed (weapon)
Armour
 b - a +1 robe (worn)
 k - a cursed +0 pair of gloves (worn)
 B - a cursed +0 helmet (worn)
Jewellery
 i - the ring of Ruseraet (left hand) {rElec rN+ MP+9 Str+5 Int+3}
   (You found it on level 5 of the Dungeon)

   [ring of strength]

   It affects your strength (+5).
   It affects your intelligence (+3).
   It insulates you from electricity.
   It protects you from negative energy.
   It affects your magic capacity (+9).
 j - an amulet of regeneration (around neck)
 C - a +5 ring of intelligence (right hand)
Wands
 t - a wand of paralysis (7/24)
Scrolls
 e - 10 scrolls of teleportation
 f - 2 scrolls of amnesia
 n - 2 scrolls of recharging
 p - 2 scrolls of enchant armour
 q - 5 scrolls of remove curse
 u - a scroll of vulnerability {unknown}
 x - a scroll of blinking {unknown}
 z - a scroll of immolation {unknown}
 D - a scroll of acquirement {unknown}
Potions
 d - 16 potions of blood
 g - 4 potions of heal wounds
 h - 5 potions of haste
 l - a potion of lignification {unknown}
 m - 4 potions of berserk rage
 o - 2 potions of curing
 s - a potion of flight {unknown}
 w - 2 potions of agility
 A - a potion of resistance {unknown}
Books
 c - a book of Maledictions

   Spells                             Type                      Level
   a - Corona                         Hexes                        1
   b - Ensorcelled Hibernation        Hexes/Ice                    2
   c - Confuse                        Hexes                        3
   d - Tukima's Dance                 Hexes                        3
   e - Dazzling Spray                 Conjuration/Hexes            3
 y - a Young Poisoner's Handbook

   Spells                             Type                      Level
   a - Sting                          Conjuration/Poison           1
   b - Poisonous Vapours              Poison/Air                   2
   c - Mephitic Cloud                 Conjuration/Poison/Air       3
   d - Olgreb's Toxic Radiance        Poison                       4
   e - Venom Bolt                     Conjuration/Poison           5


   Skills:
 - Level 7.0 Fighting
 - Level 8.0 Short Blades
 + Level 10.8 Dodging
 - Level 19.0 Stealth
 - Level 5.0 Spellcasting
 - Level 11.0 Hexes


You had 10 spell levels left.
You knew the following spells:

 Your Spells              Type           Power        Failure   Level  Hunger
a - Tukima's Dance        Hex            ######..     1%          3    ##.....
b - Ensorcelled Hibernat  Hex/Ice        ####..       1%          2    None
c - Confuse               Hex            ######..     1%          3    ##.....
d - Dazzling Spray        Conj/Hex       ####..       2%          3    ##.....


Dungeon Overview and Level Annotations

Branches:
Dungeon (8/15)             Temple (1/1) D:4            Lair (4/6) D:8
  Swamp (0/4) Lair:2       Spider (0/4) Lair:2

Altars:
Ashenzari
Cheibriados
Dithmenos
Elyvilon
Fedhas
Gozag
Hepliaklqana
Kikubaaqudgha
Makhleb
Nemelex Xobeh
Okawaru
Qazlal
Ru
Sif Muna
Trog
Uskayaw
Wu Jian
Xom
Yredelemnul
The Shining One

Shops:
D:5 =

Annotations:
Lair:2 exclusions: electric eel and 3 more exclusions


Innate Abilities, Weirdness & Mutations

You heal slowly.
You have razor-sharp teeth.
You have supernaturally acute eyesight. (SInv)
You can survive without breathing.


Message History

Aiming: Paralyse (will waste charges)
Press: ? - help, Shift-Dir - straight line, f/p - minotaur
Aim: a minotaur, wielding a dagger of holy wrath and wearing shiny shadow dragon scales (umbra, chance to defeat MR: 15%)
Okay, then.
Casting: Ensorcelled Hibernation
Confirm with . or Enter, or press ? or * to list all spells.
Aiming: Dazzling Spray
Press: ? - help, Shift-Dir - straight line, f/p - minotaur
Aim: a minotaur, wielding a dagger of holy wrath and wearing shiny shadow dragon scales (umbra)
Okay, then.
Casting: Dazzling Spray
Confirm with . or Enter, or press ? or * to list all spells.
Aiming: Tukima's Dance
Press: ? - help, Shift-Dir - straight line, f/p - minotaur
Aim: a minotaur, wielding a dagger of holy wrath and wearing shiny shadow dragon scales (umbra, chance to defeat MR: 53%)
The minotaur resists with significant effort.
The minotaur hits you with a dagger of holy wrath!
* * * LOW HITPOINT WARNING * * *
You convulse!
You die...

#. #. # ..#. #
#... ..
..#######
###.##.#.#≈≈≈#
#......#.#H≈≈#
# ##.'.@.<≈#
.. #..#.#.≈≈#
# #.#..#.#≈≈≈#
#... ..#######
####... ......
#.. #.#.#. . .
##### #.##
.#.# # # ...
.. #. .#.#..
#. ## ####
.#.###


You could see a minotaur.

Vanquished Creatures
  Kirke (Lair:4)
  2 hydras (Lair:3)
  Erica (Lair:1)
  A two-headed ogre (D:8)
  An orb spider (Lair:2)
  A black mamba (Lair:2)
  A rime drake (Lair:3)
  2 komodo dragons
  9 spiny frogs
  A tyrant leech (Lair:2)
  A polar bear (Lair:3)
  13 blink frogs
  A slime creature (D:8)
  Prince Ribbit (D:5)
  5 hippogriffs
  A spriggan (D:8)
  Eustachio (D:5)
  8 yaks (Lair:2)
  Grum (Lair:1)
  4 hogs (Lair:3)
  A basilisk (Lair:1)
  Edmund (D:5)
  Menkaure (D:5)
  6 water moccasins
  5 porcupines
  3 orc warriors
  A hornet zombie (D:7)
  2 sky beasts
  A black bear (Lair:4)
  2 ice beasts
  7 wolves (Lair:1)
  4 ogres
  4 phantoms
  5 centaurs
  7 crocodiles
  Blork the orc (D:5)
  11 bullfrogs
  3 big kobolds
  2 scorpions
  5 killer bees (D:8)
  2 wights (D:8)
  A howler monkey (D:4)
  7 crimson imps
  2 bullfrog zombies
  2 orc priests
  2 hounds
  An iguana (D:8)
  8 orc wizards
  7 worker ants
  2 hound skeletons
  A hound zombie (D:7)
  A worker ant zombie (D:7)
  3 gnolls (D:3)
  13 adders
  2 adder skeletons (D:5)
  A worm (D:2)
  6 leopard geckos
  30 orcs
  10 bats
  2 giant cockroaches
  14 hobgoblins
  13 jackals
  A quokka (D:2)
  4 frilled lizards
  10 goblins
  2 jackal skeletons (D:4)
  23 kobolds
  A leopard gecko skeleton (D:7)
  A quokka skeleton (D:5)
  11 rats
311 creatures vanquished.

Vanquished Creatures (collateral kills)
  2 two-headed ogres (D:8)
  2 wights (D:8)
  A howler monkey (D:8)
  A howler monkey zombie (D:8)
  A howler monkey skeleton (D:8)
7 creatures vanquished.

Vanquished Creatures (others)
  4 dancing weapons (D:8)
  3 fungi (Lair:3)
7 creatures vanquished.

Grand Total: 325 creatures vanquished

Notes
Turn   | Place    | Note
-------+----------+-------------------------------------------
     0 | D:1      | Murumi the Vampire Enchanter began the quest for the Orb.
     0 | D:1      | Reached XP level 1. HP: 13/13 MP: 3/3
   128 | D:1      | Reached skill level 5 in Stealth
   178 | D:1      | Reached XP level 2. HP: 20/20 MP: 5/5
   241 | D:1      | Reached skill level 1 in Fighting
   278 | D:1      | Learned a level 2 spell: Ensorcelled Hibernation
   928 | D:1      | Reached skill level 5 in Hexes
  1190 | D:1      | Reached XP level 3. HP: 14/26 MP: 0/6
  1995 | D:2      | Reached skill level 6 in Stealth
  2544 | D:2      | Reached XP level 4. HP: 27/32 MP: 7/7
  2549 | D:2      | Learned a level 3 spell: Confuse
  2780 | D:2      | Reached skill level 7 in Stealth
  4431 | D:3      | Reached XP level 5. HP: 20/37 MP: 1/8
  4485 | D:3      | Reached skill level 8 in Stealth
  5227 | D:3      | Reached skill level 9 in Stealth
  5301 | D:3      | Reached XP level 6. HP: 43/43 MP: 4/9
  5450 | D:4      | Reached skill level 10 in Stealth
  5778 | D:4      | Noticed a sky beast
  5780 | D:4      | Killed a sky beast
  5780 | D:4      | Reached XP level 7. HP: 50/50 MP: 10/10
  5912 | D:4      | Learned a level 3 spell: Tukima's Dance
  6156 | D:4      | Found a staircase to the Ecumenical Temple.
  6165 | Temple   | Entered the Ecumenical Temple
  6191 | Temple   | Became a worshipper of Dithmenos the Shadowed
  6490 | D:5      | Entered Level 5 of the Dungeon
  6669 | D:5      | Reached skill level 11 in Stealth
  6673 | D:5      | Found a sparkling altar of Nemelex Xobeh.
  6702 | D:5      | Found a hide-covered altar of Uskayaw.
  6702 | D:5      | Noticed Prince Ribbit
  6704 | D:5      | Killed Prince Ribbit
  6704 | D:5      | Reached XP level 8. HP: 56/56 MP: 11/11
  6797 | D:5      | Got a steaming steel ring
  6798 | D:5      | Identified the ring of Ruseraet {rElec rN+ MP+9 Str+5 Int+3} (You found it on level 5 of the Dungeon)
  6879 | D:5      | Reached skill level 12 in Stealth
  6943 | D:5      | Noticed Menkaure
  6947 | D:5      | Killed Menkaure
  7040 | D:5      | Noticed Edmund
  7045 | D:5      | Killed Edmund
  7051 | D:5      | Found Qamp's Jewellery Boutique.
  7054 | D:5      | Bought a cursed -3 ring of protection for 26 gold pieces
  7054 | D:5      | Bought a cursed -2 ring of slaying for 26 gold pieces
  7066 | D:5      | Noticed Blork the orc
  7071 | D:5      | Killed Blork the orc
  7088 | D:5      | Noticed Eustachio
  7090 | D:5      | Killed Eustachio
  7090 | D:5      | Reached skill level 13 in Stealth
  7265 | D:5      | Reached * piety under Dithmenos
  7417 | D:6      | Reached XP level 9. HP: 59/63 MP: 13/13
  7768 | D:6      | Reached skill level 14 in Stealth
  7979 | D:6      | Found a blossoming altar of Fedhas.
  8213 | D:6      | Reached skill level 5 in Short Blades
  8362 | D:7      | Reached skill level 5 in Dodging
  8402 | D:7      | Learned a level 3 spell: Dazzling Spray
  8411 | D:7      | Found a shimmering altar of Xom.
  8635 | D:7      | Reached ** piety under Dithmenos
  8635 | D:7      | Reached skill level 15 in Stealth
  9402 | D:8      | Reached skill level 5 in Spellcasting
  9402 | D:8      | Reached XP level 10. HP: 70/70 MP: 17/17
  9495 | D:8      | Noticed a two-headed ogre
  9505 | D:8      | Killed a two-headed ogre
  9601 | D:8      | Reached skill level 5 in Fighting
  9806 | D:8      | Noticed a two-headed ogre
  9822 | D:8      | Noticed a two-headed ogre
  9825 | D:8      | Reached *** piety under Dithmenos
  9826 | D:8      | Killed a two-headed ogre
  9836 | D:8      | HP: 2/76 [two-headed ogre/giant spiked club (14)]
 10363 | D:8      | Found a staircase to the Lair.
 10424 | D:8      | Killed a two-headed ogre
 10526 | D:8      | Reached skill level 16 in Stealth
 10704 | Lair:1   | Entered Level 1 of the Lair of Beasts
 10783 | Lair:1   | Noticed Grum
 10794 | Lair:1   | Reached XP level 11. HP: 81/81 MP: 18/18
 10807 | Lair:1   | Killed Grum
 10873 | Lair:1   | Noticed Erica
 10910 | Lair:1   | Killed Erica
 11008 | Lair:1   | Reached skill level 17 in Stealth
 11039 | Lair:1   | Reached skill level 10 in Hexes
 11047 | Lair:1   | Reached **** piety under Dithmenos
 11397 | Lair:1   | You fall through a shaft!
 11679 | Lair:2   | Reached skill level 18 in Stealth
 11783 | Lair:2   | Found a staircase to the Swamp.
 11986 | Lair:2   | Found a hole to the Spider Nest.
 11986 | Lair:2   | Noticed an orb spider
 12006 | Lair:2   | Killed an orb spider
 12207 | Lair:2   | Reached skill level 19 in Stealth
 13037 | Lair:3   | Reached XP level 12. HP: 58/89 MP: 19/19
 13478 | Lair:3   | Noticed a five-headed hydra
 13487 | Lair:3   | HP: 1/91 [five-headed hydra (6)]
 13985 | Lair:3   | Noticed a four-headed hydra
 13989 | Lair:3   | Killed a four-headed hydra
 14123 | Lair:3   | Killed a five-headed hydra
 14371 | Lair:4   | Noticed Kirke
 14442 | Lair:3   | Reached ***** piety under Dithmenos
 14555 | Lair:4   | Killed Kirke
 14555 | Lair:4   | Reached skill level 10 in Dodging
 14574 | Lair:4   | Found a labyrinth entrance.
 14583 | Lab      | Entered a labyrinth
 14720 | Lab      | Noticed a minotaur
 14733 | Lab      | Slain by a minotaur

Vault maps used:
D:1:      dpeg_arrival_boxes_within_box
D:2:      cheibrodos_greedy_goblins
D:3:      first_bread, gup_sewer_entry_glass, roderic_roman_lattice
D:4:      cheibrodos_barr_body, temple_hall
D:5:      eat_drink_and_be_merry_uskayaw, overflow_temple_1_default,
          serial_shops, shop, dk_rats_in_the_wall, uniq_prince_ribbit1,
          uniq_blork_the_orc, uniq_menkaure, uniq_eustachio, uniq_edmund
D:6:      kennysheep_mini
D:7:      basic_altar
D:8:      wad_arrow_thing, the_bakery, kennysheep_crisscross,
          minmay_misc_feat_five
Temple:   minmay_crystal_spiral_temple
Lair:1:   uniq_erica, uniq_grum
Lair:2:   minmay_swamp_entry_worms, nicolae_spider_entry_orb_guardian,
          grunt_megastairs_1, serial_bayou_shore_a
Lair:4:   lab_entry_generic, lemuel_fruit_tree, uniq_kirke
Lab:      labyrinth_watery, nicolae_lab_flowing_pool, lab_hedge,
          nicolae_lab_grate, labyrinth_skeletal_remains

Skill      XL: |  1  2  3  4  5  6  7  8  9 10 11 12 |
---------------+-------------------------------------+-----
Stealth        | 5 6 7 9 10 11 13 15 16 19 | 19.0
Fighting       | 1 2 3 6 7 |  7.0
Hexes          | 5 7 9 11 | 11.0
Short Blades   | 2 3 4 5 7 8 |  8.0
Dodging        | 4 5 6 7 10 | 10.8
Spellcasting   | 3 5 |  5.0

Action                   |  1- 3 |  4- 6 |  7- 9 | 10-12 || total
-------------------------+-------+-------+-------+-------++-------
Melee: Dagger            |   168 |   223 |   270 |   211 ||   872
       Bite              |     4 |    14 |    25 |    16 ||    59
 Cast: Ensorcelled Hiber |     7 |    23 |    39 |   128 ||   197
       Confuse           |       |       |     4 |     6 ||    10
       Tukima's Dance    |       |       |       |    16 ||    16
       Dazzling Spray    |       |       |       |     2 ||     2
 Abil: End Transformatio |       |       |       |     2 ||     2
       Bat Form          |       |       |       |     2 ||     2
  Use: Scroll            |     5 |     5 |     4 |     3 ||    17
       Potion            |     1 |     1 |     4 |     7 ||    13
 Stab: Sleeping          |    12 |    20 |    57 |    88 ||   177
       Distracted        |     1 |     1 |     1 |     9 ||    12
       Confused          |       |       |     4 |     3 ||     7
       Invisible         |       |       |       |     1 ||     1
  Eat: Corpse            |     1 |     6 |     1 |     2 ||    10
Armor: Robe              |    15 |    34 |    39 |    14 ||   102
Dodge: Dodged            |    95 |   124 |   183 |   176 ||   578
